 Dungeon Crawl Stone Soup version 0.19-a0-1834-g6b7851e (webtiles) character file.

315 KarmaPolice the Slasher (level 6, -5/48 HPs)
             Began as a Vampire Gladiator on Oct 8, 2016.
             Killed from afar by an orc wizard (11 damage)
             ... with a puff of flame
             ... on level 4 of the Dungeon.
             The game lasted 00:09:47 (3883 turns).

KarmaPolice the Slasher (Vampire Gladiator)         Turns: 3883, Time: 00:09:48

Health: -5/48      AC:  0    Str: 15    XL:     6   Next: 20%
Magic:  5/6        EV: 22    Int: 10    God:
Gold:   211        SH:  0    Dex: 21    Spells: 0 memorised, 5 levels left

rFire  . . .     SeeInvis +     (weapon currently unavailable)
rCold  + . .     Gourm    .     (armour currently unavailable)
rNeg   + + .     Faith    .     (shield currently unavailable)
rPois  +         Spirit   .     (helmet currently unavailable)
rElec  .         Dismiss  .     (cloak currently unavailable)
rCorr  .         Reflect  .     (gloves currently unavailable)
MR     .....     Harm     .     (boots currently unavailable)
Stlth  ++++......               (no amulet)
                                (ring currently unavailable)
                                (ring currently unavailable)

@: bat-form, flying, regenerating slowly, very quick
A: fangs 3, see invisible, (unbreathing)
a: End Transformation


You were on level 4 of the Dungeon.
You were thirsty.
You were in vampire-bat-form.
You visited 1 branch of the dungeon, and saw 4 of its levels.

You collected 211 gold pieces.

Inventory:

Hand Weapons
 a - a +1 long sword (melded)
Missiles
 d - 3 throwing nets (quivered)
Armour
 b - a +0 leather armour (melded)
 c - a +0 helmet (melded)
 r - a +2 leather armour of fire resistance
 v - a +1 ring mail of fire resistance
Jewellery
 j - an uncursed ring of wizardry {unknown}
Scrolls
 h - a scroll of magic mapping
 m - a scroll of immolation {unknown}
 n - a scroll of recharging {unknown}
 o - a scroll of remove curse
 q - 2 scrolls of identify {unknown}
 u - 2 scrolls of enchant armour {unknown}
 x - a scroll of fear
 y - a scroll of random uselessness {unknown}
Potions
 e - 11 potions of blood
 f - 2 potions of curing
 p - 2 potions of flight {unknown}
 s - 2 potions of beneficial mutation {unknown}
 t - 3 potions of lignification {unknown}
Books
 w - a book of Necromancy

   Spells                             Type                      Level
   a - Pain                           Necromancy                   1
   b - Animate Skeleton               Necromancy                   1
   c - Vampiric Draining              Necromancy                   3
   d - Regeneration                   Charms/Necromancy            3
   e - Animate Dead                   Necromancy                   4
   f - Control Undead                 Necromancy                   4


   Skills:
 + Level 4.0 Fighting
 + Level 4.7 Long Blades
 - Level 1.7 Throwing
 + Level 2.1 Armour
 - Level 3.4 Dodging


You had 5 spell levels left.
You didn't know any spells.

Dungeon Overview and Level Annotations

Branches:
Dungeon (4/15)
 Temple: D:4-7

Altars:
Cheibriados
Okawaru
Sif Muna

Annotations:
D:4 UnlimitedFusion's ghost, amateur NaVM


Innate Abilities, Weirdness & Mutations

You heal slowly.
You have razor-sharp teeth.
You have supernaturally acute eyesight. (SInv)
((You can survive without breathing.))


Message History

The orc wizard gestures at you while chanting.
The magic dart hits the orc wizard.
The orc wizard dies!
Your Fighting skill increases to level 4!
You bump into the rock wall.
The orc wizard gestures wildly while chanting.
The orc wizard blinks!
Unknown command.
You bump into the rock wall.
The orc wizard barely misses you.
You bump into the rock wall.
You feel less confused. The orc wizard completely misses you.
The orc priest calls down the wrath of Beogh upon you.
Beogh smites you!
* * * LOW HITPOINT WARNING * * *
The orc priest shouts!
The orc wizard looks braver for a moment.
The orc wizard casts a spell at you. The puff of flame hits you!
You die...

############### #.............#
######### #.###.#.#####.#
#......># #.###.#o### #.##
*,**###.######.#...o...###.##
****,**#..^....b....#......o..##
*,,,.....#.#...##.###.#.#.##..##
*,*#.#####......#.# #.#.#.##..#.
*,**,,.....#...##.#*#.........#.
**,****#######.###..,...%#..#.##.
,,,,,* #.# ###*#.####.#.##W
**,*,* #.# #.# #)#.##. *,*,****
*#+#* *,***#<#.### *,,,,,,*
**,,,** **,,,,....#


You could see an orc wizard.

Vanquished Creatures
  A phantom (D:4)
  A hound (D:4)
  2 orc wizards (D:4)
  An iguana (D:4)
  4 adders
  2 worms
  4 dart slugs
  A leopard gecko (D:3)
  5 orcs
  8 bats
  A giant cockroach (D:3)
  2 goblins
  7 hobgoblins
  A quokka (D:2)
  7 frilled lizards
  9 kobolds
  7 rats
63 creatures vanquished.

Vanquished Creatures (others)
  An orc wizard (D:4)
1 creature vanquished.

Grand Total: 64 creatures vanquished

Notes
Turn   | Place    | Note
-------+----------+-------------------------------------------
     0 | D:1      | KarmaPolice the Vampire Gladiator began the quest for the Orb.
     0 | D:1      | Reached XP level 1. HP: 16/16 MP: 1/1
   223 | D:1      | Reached XP level 2. HP: 21/22 MP: 2/2
   796 | D:2      | Reached XP level 3. HP: 21/28 MP: 3/3
  2120 | D:3      | Reached XP level 4. HP: 22/35 MP: 4/4
  2926 | D:4      | Noticed UnlimitedFusion's ghost (amateur NaVM)
  2962 | D:4      | Found a snail-covered altar of Cheibriados.
  2963 | D:4      | Found a deep blue altar of Sif Muna.
  2963 | D:4      | Found an iron altar of Okawaru.
  2978 | D:4      | Noticed a phantom
  3188 | D:4      | Reached skill level 1 in Armour
  3205 | D:4      | Killed a phantom
  3205 | D:4      | Reached XP level 5. HP: 11/42 MP: 5/5
  3621 | D:4      | Reached XP level 6. HP: 39/48 MP: 6/6
  3883 | D:4      | Killed from afar by an orc wizard

Vault maps used:
D:1:      dpeg_arrival_round_a, serial_glass, glass_columns_b, glass_columns_b
D:4:      nicolae_overflow_quartered_altars, first_bread, roderic_st_hans_cross

Skill      XL: |  1  2  3  4  5  6 |
---------------+-------------------+-----
Fighting       | 2 3 4 |  4.0
Long Blades    | 4 |  4.7
Armour         | 1 2 |  2.1
Throwing       | |  1.7
Dodging        | |  3.4

Action                   |  1- 3 |  4- 6 || total
-------------------------+-------+-------++-------
Melee: Long sword        |   109 |    75 ||   184
       Bite              |     7 |    11 ||    18
 Abil: Bat Form          |       |     4 ||     4
       End Transformatio |       |     3 ||     3
  Use: Potion            |       |     8 ||     8
       Scroll            |       |     5 ||     5
 Stab: Sleeping          |     3 |     1 ||     4
  Eat: Corpse            |       |     1 ||     1
Armor: Leather armour    |    39 |    17 ||    56
Dodge: Dodged            |    79 |    52 ||   131
       Rpst.: Long sword |    18 |    15 ||    33
